Map: Pillars of Gold LE

Players

skvol

  • Race: Zerg Zerg
  • League: Platinum
  • Spawn Location: 7:00

Slaight - Winner!

  • Race: Protoss Protoss
  • League: Platinum
  • Spawn Location: 1:00

VOD

Have the link to the VOD?

Description

Time

  • Played on: Aug. 14, 2020, 11:37 a.m.
  • Length: 7:07
Show
View Real Time Build Order
Export as new Build Order

skvol Zerg 

Build Orders: Hatch First 

Get SALT Encoding   

  12  0:00  Drone  
  13  0:12  Overlord  
  13  0:17  Drone  
  14  0:31  Drone x2  
  16  0:51  Hatchery  
  16  0:55  Drone  
  16  0:57  Drone  
  17  1:00  Drone  
  18  1:10  Extractor  
  17  1:16  Spawning Pool  
  16  1:18  Drone  
  16  1:22  Drone  
  18  1:28  Drone  
  19  1:47  Drone  
  20  1:50  Overlord  
  20  2:03  Queen x2  
  20  2:05  Drone x2  
  26  2:17  Metabolic Boost  
  26  2:22  Drone  
  27  2:24  Drone  
  28  2:34  Drone x3  
  31  2:38  Queen  
  33  2:50  Pneumatized Carapace  
  33  2:53  Drone x3  
  36  2:59  Evolution Chamber  
  35  3:19  Queen  
  36  3:28  Hatchery  
  35  3:39  Zerg Melee Weapons Level 1  
  35  3:42  Overlord  
  35  3:43  Overlord x2  
  35  3:48  Evolution Chamber  
  34  4:00  Drone x2  
  34  4:01  Drone x4  
  40  4:20  Extractor  
  39  4:32  Extractor  
  38  4:47  Drone  
  38  4:48  Drone x9  
  38  4:49  Drone x3  
  51  5:05  Drone x3  
  54  5:08  Drone x2  
  56  5:15  Drone x2  
  56  5:17  Overlord  
  58  5:31  Overlord x3  
  58  5:35  Baneling Nest  
  58  5:36  Lair  
  58  5:38  Zergling x4  
  58  5:39  Zergling x8  
  63  5:44  Drone  
  63  6:04  Zergling x6  
  63  6:05  Zergling x14  
  66  6:11  Spine Crawler  
  66  6:15  Zergling x2  
  66  6:16  Spine Crawler, Zergling x4  
  66  6:17  Spine Crawler  
  59  6:20  Spine Crawler  
  59  6:21  Spine Crawler  
  45  6:27  Baneling x4  
  45  6:28  Baneling x3  
  45  6:29  Baneling x2  
  45  6:30  Zergling x12  
  45  6:31  Zergling x6  
Show
View Real Time Build Order
Export as new Build Order

Slaight Protoss - Winner!

Build Orders: 1 Gate Expand 

Get SALT Encoding   

  12  0:01  Probe  
  13  0:14  Probe  
  14  0:18  Pylon  
  14  0:28  Assimilator  
  14  0:30  Probe (Chrono Boost)  
  15  0:42  Probe (Chrono Boost)  
  16  0:47  Gateway  
  16  0:51  Probe (Chrono Boost)  
  17  0:57  Probe  
  18  1:09  Probe  
  19  1:25  Nexus  
  19  1:38  Cybernetics Core  
  19  1:40  Probe  
  19  1:46  Assimilator  
  20  1:51  Pylon  
  20  1:55  Probe  
  21  2:07  Probe  
  22  2:14  Adept (Chrono Boost)  
  22  2:19  Warp Gate, Probe  
  25  2:30  Robotics Facility  
  25  2:33  Probe  
  26  2:37  Stalker (Chrono Boost)  
  26  2:44  Probe  
  29  2:45  Probe  
  30  2:56  Probe  
  31  2:59  Probe  
  32  3:08  Probe  
  33  3:20  Immortal (Chrono Boost)  
  33  3:22  Probe x2  
  37  3:34  Twilight Council, Probe  
  37  3:36  Gateway  
  38  3:49  Warp Prism (Chrono Boost)  
  40  4:07  Stalker, Charge (Chrono Boost)  
  42  4:34  Gateway x2  
  42  4:36  Gateway  
  42  4:37  Gateway  
  42  4:39  Gateway  
  42  4:43  Immortal (Chrono Boost)  
  42  4:51  Pylon  
  46  4:57  Gateway  
  46  5:05  Pylon  
  46  5:08  Pylon  
  46  5:36  Pylon  
  46  5:38  Pylon  
  46  5:41  Zealot x7  
  60  6:06  Zealot x7  
  72  6:22  Stalker  
  74  6:28  Zealot x4  
  64  6:47  Zealot x4  
  70  6:56  Zealot  
Tags
 
Add a new tag
Caveats
  • Supply blocks, unpowered buildings, or Contaminate may cause inaccurate times.
  • Supply counts are checked every 10 seconds.